[Event "FIDE Women's Grand Swiss 2023"]
[Site "Villa Marina, Douglas, Isle of Man, Isle Of Man"]
[Date "2023.11.03"]
[Round "9.20"]
[White "Divya, Deshmukh"]
[Black "Danielian, Elina"]
[Result "1-0"]
[TimeControl "40/90 + 30 + 30s/move"]
[WhiteFideId "35006916"]
[BlackFideId "13300210"]
[WhiteElo "2408"]
[BlackElo "2416"]

1. e4 d6 2. d4 g6 3. Nc3 Bg7 4. Be3 a6 5. Qd2 Nd7 6. f4 b5 7. Nf3 Bb7 8. Bd3 Ngf6 9. e5 b4 10.
Ne2 Nd5 11. Bf2 c5 12. Be4 cxd4 13. exd6 N7f6 14. Bxd5 Bxd5 15. Qxb4 exd6 16. Bxd4 O-O 17. O-O Rb8 18. Qd2 Re8 19.
Ng3 Bc6 20. f5 Rb7 21. Rad1 Bb5 22. Rfe1 Rxe1+ 23. Rxe1 Bc6 24. Qc3 Bd5 25. Qd3 Qa5 26. Nd2 Rb8 27. a3 Bb7 28. c4 Rc8 29.
Rf1 Qd8 30. h3 a5 31. b4 axb4 32. axb4 Qe7 33. Rf2 Qe1+ 34. Rf1 Qe7 35. Rf2 Qe1+ 36. Kh2 Qe7 37. Bc3 g5 38. Re2 Qc7 39.
Kh1 h6 40. Bd4 Ra8 41. Qb3 d5 42. Be5 dxc4 43. Nxc4 Qd8 44. Nd6 Bd5 45. Qd3 Bf8 46. Qd4 Ra6 47. Nde4 Nxe4 48. Nxe4 Qd7 49.
Rd2 Qxf5 50. Qxd5 Re6 51. Nf6+ Rxf6 52. Bxf6 Qxf6 53. b5 g4 54. Rd1 gxh3 55. gxh3 Qh4 56. Rg1+ Bg7 57. Qg2 1-0

[Event "FIDE Women's Grand Swiss 2023"]
[Site "Villa Marina, Douglas, Isle of Man, Isle Of Man"]
[Date "2023.11.03"]
[Round "9.21"]
[White "Mkrtchyan, Mariam"]
[Black "Hoang, Thanh Trang"]
[Result "1-0"]
[TimeControl "40/90 + 30 + 30s/move"]
[WhiteFideId "13310828"]
[BlackFideId "12400149"]
[WhiteElo "2343"]
[BlackElo "2398"]

1. Nf3 f5 2. g3 Nf6 3. Bg2 g6 4. d4 Bg7 5. O-O O-O 6. c4 d6 7. Nc3 c6 8. Qc2 Na6 9. Rb1 Qe8 10.
b4 Nc7 11. b5 cxb5 12. cxb5 Kh8 13. a4 Rb8 14. Ba3 Be6 15. Ng5 Bg8 16. e4 fxe4 17. Ncxe4 Nxe4 18. Qxe4 Bf6 19. Rfc1 Bd5 20.
Qh4 Bxg5 21. Qxg5 Qf7 22. f4 Bxg2 23. Rxc7 Be4 24. Rb2 Rbc8 25. Bxd6 Rxc7 26. Bxc7 Kg8 27. Re2 Qb3 28. Qe5 Bd5 29.
Qxe7 Qd1+ 30. Kf2 Qxd4+ 31. Qe3 Qxa4 32. b6 axb6 33. Bxb6 Bc4 34. Qd4 Qb3 35. Rd2 Re8 36. Ba5 Re7 37.
Bc3 Kf8 38. Rb2 Qa4 39. Bb4 Re2+ 1-0

[Event "FIDE Women's Grand Swiss 2023"]
[Site "Villa Marina, Douglas, Isle of Man, Isle Of Man"]
[Date "2023.11.03"]
[Round "9.22"]
[White "Kanyamarala, Trisha"]
[Black "Vantika, Agrawal"]
[Result "0-1"]
[TimeControl "40/90 + 30 + 30s/move"]
[WhiteFideId "45004722"]
[BlackFideId "25050389"]
[WhiteElo "2184"]
[BlackElo "2435"]

1. d4 Nf6 2. c4 g6 3. Nc3 Bg7 4. e4 d6 5. Nge2 O-O 6. Ng3 Nbd7 7. Be2 a6 8. Be3 c6 9. f4 e5 10.
dxe5 dxe5 11. f5 Qe7 12. O-O b5 13. h3 Bb7 14. Qe1 b4 15. Nd1 a5 16. Qf2 Ba6 17. b3 Rfd8 18. Nb2 c5 19.
Na4 Rdc8 20. Rad1 h6 21. h4 Bb7 22. Bf3 h5 23. Bg5 Qe8 24. fxg6 fxg6 25. Rd6 Ra6 26. Rfd1 Rxd6 27. Rxd6 Nh7 28.
Qd2 Bc6 29. Nb2 Bf8 30. Rd3 Ndf6 31. Bh6 Be7 32. Nd1 Kh8 33. Be3 Nf8 34. Qb2 N6d7 35. Qe2 Bxh4 36. Nf1 Ne6 37. g4 Nd4 38.
Qg2 Qf7 39. Bc1 Rf8 40. Nh2 Qf6 41. Qh3 Kg7 42. gxh5 Bg5 43. h6+ Kh7 44. Bb2 Rf7 45. Nf2 Nf8 46. Qg2 Nfe6 47. Nh3 Bf4 48.
Ng4 Qh4 49. Ngf2 Bg3 50. Nh1 Be1 51. Bxd4 cxd4 52. Bg4 Nf4 53. Nxf4 Rxf4 54. Bf3 Bxe4 55. Bxe4 Rg4 56. Ng3 Bxg3 57.
Kf1 Bf4 58. Rh3 Qg5 59. Qf2 Qe7 60. Qf3 Rg5 61. Bd3 Be3 62. Ke2 Rg1 63. Qe4 Bxh6 64. Rf3 Be3 65. Qd5 Bf4 66. c5 Kg7 67.
Bc4 Rg2+ 68. Kf1 Rh2 69. Qg8+ Kf6 70. Bd3 Rh1+ 71. Kg2 Rh2+ 72. Kf1 Rh6 73. c6 Kg5 74. Be4 Qd6 75. Qf7 Qc5 76.
Qc4 Rh1+ 77. Kg2 Rh2+ 78. Kf1 Qxc4+ 79. bxc4 Rh7 80. Rf2 Kf6 81. Rg2 Bg5 82. Rf2+ Bf4 83. Rg2 Rg7 84. Rxg6+ Rxg6 85.
Bxg6 Ke7 86. Ke2 Kd6 87. Be4 a4 88. c5+ Kc7 89. Kd3 b3 90. axb3 a3 91. Kc2 Bd2 92. Kb1 Bb4 93. Ka2 Bxc5 94.
b4 Bxb4 95. Kb3 Bd6 96. Kc2 Kb6 97. Kb3 Kb5 98. Bd5 Kc5 99. Be4 Kb6 100. Bd5 d3 101. Be4 d2 102. Bf3 e4 103. Be2 Kxc6 104. Kc2 Kc5 105. Bh5 Kd4 106. Bf7 Ke3 107. Kd1 Kd3 108. Be6 e3 109. Bf5+ Kc3 110. Be6 Kb2 111. Ke2 a2 0-1

[Event "FIDE Women's Grand Swiss 2023"]
[Site "Villa Marina, Douglas, Isle of Man, Isle Of Man"]
[Date "2023.11.03"]
[Round "9.23"]
[White "Gomez Barrera, Javiera Belen"]
[Black "Sandu, Mihaela"]
[Result "0-1"]
[TimeControl "40/90 + 30 + 30s/move"]
[WhiteFideId "3418723"]
[BlackFideId "1204327"]
[WhiteElo "2266"]
[BlackElo "2298"]

1. e4 e5 2. Nf3 Nc6 3. Bc4 Bc5 4. d3 Nf6 5. Bg5 h6 6. Bh4 Be7 7. Bg3 d6 8. c3 O-O 9. a4 a5 10.
Nbd2 Kh8 11. Qb3 Qe8 12. h3 Nh5 13. Bh2 Nf4 14. Bxf4 exf4 15. O-O g5 16. d4 h5 17. e5 g4 18.
exd6 cxd6 19. hxg4 hxg4 20. Nh2 f5 21. Rfe1 Qh5 22. Be6 Bh4 23. Ndf1 f3 24. Bxc8 Raxc8 25. Qd5 Rfe8 26. Rxe8+ Rxe8 27.
gxf3 Bxf2+ 28. Kxf2 g3+ 29. Kg1 gxh2+ 30. Kh1 Qh3 31. f4 Re2 32. c4 Qg4 33. Nxh2 Qh3 0-1

[Event "FIDE Women's Grand Swiss 2023"]
[Site "Villa Marina, Douglas, Isle of Man, Isle Of Man"]
[Date "2023.11.03"]
[Round "9.24"]
[White "Arakhamia-Grant, Ketevan"]
[Black "Lee, Alice"]
[Result "0-1"]
[TimeControl "40/90 + 30 + 30s/move"]
[WhiteFideId "13600168"]
[BlackFideId "30941822"]
[WhiteElo "2297"]
[BlackElo "2388"]

1. e4 e5 2. Nf3 Nf6 3. Nc3 Nc6 4. d4 exd4 5. Nxd4 Bb4 6. Nxc6 bxc6 7. Bd3 d5 8. exd5 O-O 9. O-O Bg4 10.
f3 Bh5 11. Bg5 Qd6 12. Kh1 Bxc3 13. bxc3 cxd5 14. Qd2 Bg6 15. Rab1 a6 16. Qf4 Qxf4 17. Bxf4 Bxd3 18. cxd3 c5 19. Bd6 Rfc8 20. Rfe1 Rc6 21. Bb8 Rc8 22.
Bd6 Rc6 23. Bb8 Rc8 24. Be5 Re8 25. Kg1 h6 26. Bd6 c4 27. dxc4 dxc4 28. Kf2 Nd5 29. Be5 f6 30. Bd4 Nf4 31.
Re4 Nd3+ 32. Kg3 Reb8 33. Rxb8+ Rxb8 34. Re2 Kf7 35. h4 a5 36. f4 a4 37. Kf3 a3 38. g3 Rb2 39. Be3 f5 40. h5 Rb1 41. Ba7 Rc1 42. Bd4 Ra1 43. Bb6 Rb1 44.
Bc7 Rc1 45. Ba5 Rd1 46. Ke3 Nc1 47. Rd2 Rxd2 48. Kxd2 Nb3+ 0-1

[Event "FIDE Women's Grand Swiss 2023"]
[Site "Villa Marina, Douglas, Isle of Man, Isle Of Man"]
[Date "2023.11.03"]
[Round "9.25"]
[White "Matnadze Bujiashvili, Ann"]
[Black "Nassr, Lina"]
[Result "1-0"]
[TimeControl "40/90 + 30 + 30s/move"]
[WhiteFideId "13601377"]
[BlackFideId "7908075"]
[WhiteElo "2400"]
[BlackElo "2066"]

1. d4 Nf6 2. g3 e6 3. c4 d5 4. Bg2 dxc4 5. Nf3 a6 6. O-O Nc6 7. a4 Be7 8. Na3 Na5 9. Bg5 Rb8 10.
Qe1 Nb3 11. Rd1 Bd7 12. Bxf6 Bxf6 13. Nxc4 b5 14. Nce5 O-O 15. a5 b4 16. d5 Qe8 17. Nxd7 Qxd7 18. Bh3 Qe7 19. dxe6 fxe6 20.
Rd3 Nc5 21. Rd2 Nb3 22. Rc2 c5 23. Rc4 Nxa5 24. Re4 Rb6 25. Qa1 Nb7 26. Qa2 b3 27. Qa3 Rd8 28. Re3 Rb8 29. Rxb3 Nd8 30.
Rxb6 Rxb6 31. b3 Qd6 32. Rc1 Rb5 33. Qa4 Kf7 34. Bf1 Rb4 35. Qa2 Nb7 36. Qc2 g6 37. Rd1 Qc7 38. e3 Rb6 39.
Nd2 Rd6 40. Ne4 Rxd1 41. Qxd1 Be7 42. Bxa6 Nd6 43. Nd2 Bf6 44. Bc4 Qc6 45. Qg4 Nf5 46. Ne4 Be7 47. Qf3 Kg7 48. Qf4 h6 49.
h4 h5 50. Qe5+ Kf7 51. Ng5+ Bxg5 52. hxg5 Ke7 53. Qf6+ Kd7 54. Qxg6 h4 55. Qf7+ Ne7 56. gxh4 Qe4 57. Qf4 Qb1+ 58.
Kh2 Qg6 59. Bb5+ Kc8 60. Qf8+ Kc7 61. Qxe7+ Kb6 62. Bc4 Qh5 63. Kg3 1-0